AoeStats
← CCZROK

Arabia

503233904Analyzed
1v1 RM · 1mo ago on Aug 30, 2026· 46m 38s· 2 players
Game mode
Random Map
Map size
Tiny (2 player)
Population
200
Speed
Normal
Resources
Standard
Victory
Conquest
Starting age
Dark Age
Ending age
Imperial Age
RankedLock teamsTeams togetherTeam positionsShared explorationLock speedFull tech treeHidden civsTurbo modeCheats
Victory
Defeat
🇧🇷 Cumans · Brazil
783
+16
🇫🇷 Byzantines · France
787
-16
Tomate
0:57 Loom
10:45 Feudal Age
11:18 Double-Bit Axe
13:43 Horse Collar
17:21 Fletching
25:59 Castle Age
24:39 Padded Archer Armor
26:10 Elite Skirmisher
27:33 Leather Archer Armor
29:18 Wheelbarrow
30:04 Scale Mail Armor
31:08 Gold Mining
34:22 Hand Cart
38:02 Imperial Age
36:37 Light Cavalry
37:35 Scale Barding Armor
37:41 Forging
41:21 Pikeman
42:15 Town Watch
43:23 Gold Shaft Mining
43:24 Ring Archer Armor
44:34 Bow Saw
44:34 Town Patrol
44:43 Steppe Husbandry
CCZROK
6:43 Loom
9:35 Feudal Age
10:03 Double-Bit Axe
12:22 Fletching
14:26 Gold Mining
19:30 Forging
26:46 Castle Age
27:45 Man-at-Arms
28:15 Gambesons
28:06 Crossbowman
33:11 Bow Saw
34:56 Gold Shaft Mining
36:29 Scale Barding Armor
37:45 Bodkin Arrow
39:28 Chain Barding Armor
43:52 Iron Casting
Connection lost

Rejoining the realm…

Still unreachable

The connection could not be restored.

Session expired

The server has moved on; the page needs a fresh start.